Map: Daybreak LE (Void)

Players

Wallace

  • Race: Terran Terran
  • League: Diamond
  • Spawn Location: 1:00

Musumeci - Winner!

  • Race: Zerg Zerg
  • League: Diamond
  • Spawn Location: 7:00

VOD

Have the link to the VOD?

Description

Time

  • Played on: Jan. 2, 2017, 9:06 a.m.
  • Length: 18:29
Show
View Real Time Build Order
Export as new Build Order

Wallace Terran 

Build Orders: MMM Bio 

Get SALT Encoding   

  12  0:01  SCV  
  13  0:13  SCV  
  14  0:18  Supply Depot  
  14  0:25  SCV  
  15  0:39  SCV  
  15  0:42  Barracks  
  16  0:46  Refinery  
  16  0:51  SCV  
  17  1:04  SCV  
  18  1:16  SCV  
  19  1:28  Orbital Command  
  19  1:42  Command Center  
  19  1:45  Marine  
  20  1:54  SCV  
  21  2:02  Barracks  
  21  2:05  Marine  
  21  2:07  SCV  
  23  2:18  Factory  
  23  2:21  Refinery  
  23  2:24  Barracks Tech Lab  
  23  2:37  Supply Depot  
  23  2:47  Stimpack  
  23  2:54  SCV, Marine  
  23  2:57  Orbital Command  
  25  3:01  Barracks Reactor  
  25  3:06  SCV  
  25  3:11  Starport  
  26  3:17  Factory Reactor  
  26  3:18  SCV  
  26  3:19  Marine  
  27  3:26  SCV  
  29  3:33  Supply Depot  
  29  3:37  Marine  
  29  3:38  Marine x2  
  29  3:39  SCV  
  33  3:52  Supply Depot  
  33  3:55  Marine x2  
  33  3:56  SCV  
  33  3:57  Marine  
  33  4:01  Medivac  
  39  4:04  Medivac  
  39  4:05  Widow Mine  
  39  4:07  SCV  
  39  4:08  SCV  
  45  4:13  Marine  
  45  4:15  Supply Depot  
  46  4:18  Marine x2  
  46  4:19  Refinery  
  48  4:31  Marine  
  49  4:36  Marine x2  
  51  4:48  SCV, Marine  
  53  4:54  Marine x2  
  55  5:00  Medivac x2  
  55  5:03  Engineering Bay  
  55  5:04  SCV  
  55  5:06  Marine  
  61  5:12  Marine x2  
  63  5:19  Widow Mine  
  65  5:24  Marine  
  65  5:25  Supply Depot  
  66  5:29  Marine  
  66  5:30  Marine  
  68  5:42  Marine  
  68  5:47  Widow Mine, Marine x2  
  63  6:00  Marine  
  63  6:05  Marine  
  62  6:16  Concussive Shells  
  62  6:17  Marine  
  62  6:18  Marauder, SCV  
  64  6:25  Barracks  
  64  6:26  Barracks, Medivac, Terran Infantry Weapons Level 1  
  64  6:27  Barracks  
  64  6:28  Factory Tech Lab  
  64  6:30  SCV x2  
  66  6:33  Refinery  
  66  6:39  Marauder  
  66  6:42  SCV x2  
  68  6:47  Siege Tank  
  71  6:54  SCV x2  
  71  6:58  Combat Shields  
  71  7:01  Marauder  
  75  7:03  Supply Depot  
  75  7:06  SCV x2, Supply Depot  
  77  7:13  Barracks Tech Lab  
  77  7:14  Barracks Tech Lab x2  
  77  7:18  SCV  
  78  7:25  Marauder, SCV, Siege Tank  
  78  7:27  Supply Depot  
  84  7:30  SCV  
  84  7:32  Marine x2  
  84  7:35  Engineering Bay  
  87  7:37  SCV  
  87  7:39  Marauder  
  87  7:41  Marauder  
  87  7:43  Marauder  
  94  7:48  Marauder  
  94  7:51  Medivac  
  98  7:56  Supply Depot  
  98  7:57  Siege Tank  
  101  8:01  Marine  
  101  8:03  Terran Infantry Armor Level 1  
  102  8:07  Armory  
  102  8:17  Marine  
  102  8:18  Marauder x2  
  107  8:24  Command Center  
  107  8:40  Siege Tank  
  110  8:48  Marauder x4  
  118  8:49  Supply Depot  
  118  9:09  Marauder x4  
  126  9:13  Siege Tank  
  129  9:22  Marine  
  130  9:29  SCV  
  130  9:30  Marauder, SCV  
  134  9:32  Marauder  
  134  9:36  Marauder x2  
  134  9:38  Supply Depot  
  138  9:41  Supply Depot  
  138  9:52  Marauder  
  140  9:56  Marauder  
  140  9:57  Marauder x2  
  140  9:58  Terran Infantry Weapons Level 2  
  140  9:59  Terran Infantry Armor Level 2  
  146  10:02  Orbital Command  
  146  10:04  Orbital Command  
  146  10:13  Marauder  
  148  10:17  Marauder  
  148  10:18  Marauder  
  150  10:43  Marine x5  
  150  10:44  Marine  
  156  11:01  Marauder, Marine x2  
  156  11:02  Marauder x2  
  164  11:09  Marauder  
  163  11:16  Siege Tank  
  163  11:18  Marine  
  163  11:19  Marine  
  163  11:20  Planetary Fortress  
  165  11:48  Marine x2  
  165  11:50  Marauder x2  
  139  12:01  Marine x2  
  130  12:05  SCV x2  
  130  12:06  Marauder x2  
  130  12:10  Command Center  
  130  12:11  Marauder  
  130  12:12  Marauder  
  130  12:14  Medivac  
  130  12:15  Medivac  
  135  12:19  Marine x2  
  137  12:22  Missile Turret  
  137  12:27  Marauder x2  
  140  12:33  Marauder x2  
  140  12:37  Marine x2  
  139  12:44  Viking  
  139  12:45  Viking  
  139  12:46  Missile Turret  
  139  12:48  Marine x2  
  133  12:53  Marine  
  129  13:04  Siege Tank  
  100  13:11  Marauder x2  
  100  13:12  Marauder x2  
  102  13:13  Missile Turret  
  102  13:14  Viking  
  104  13:34  Supply Depot  
  104  13:36  Siege Tank  
  103  13:45  Missile Turret  
  86  13:57  Marauder x4, Marine x2  
  86  13:59  Medivac x2  
  86  14:01  Terran Infantry Weapons Level 3  
  100  14:05  Terran Infantry Armor Level 3  
  100  14:08  Siege Tank  
  103  14:15  Marine x2  
  105  14:18  Marauder x3, Marine  
  108  14:29  Medivac  
  110  14:33  Marine x2  
  110  14:36  Marauder  
  110  14:41  Siege Tank  
  110  14:43  Marauder  
  110  14:44  Marauder x2  
  119  14:50  Marine  
  119  14:51  Marine  
  121  15:13  Siege Tank  
  124  15:15  SCV  
  124  15:19  SCV x3  
  128  15:27  SCV  
  126  15:31  SCV x3  
  129  15:39  SCV  
  130  15:43  SCV x2  
  130  15:44  SCV  
  130  15:49  Marauder x2, Marine x2  
  138  15:52  SCV  
  138  15:55  SCV x2  
  138  15:56  SCV  
  141  16:00  Missile Turret, Marine  
  141  16:04  SCV  
  143  16:07  SCV  
  143  16:08  SCV  
  106  16:49  Marine x4  
  106  16:50  Marine x2  
  106  16:53  Siege Tank  
  111  17:07  Marine x5  
  111  17:08  Marine  
  103  17:24  Marine  
  103  17:25  Marauder, Marine, Siege Tank  
  103  17:26  Marauder x3  
  93  17:39  SCV  
  93  17:40  SCV x3  
  97  17:47  Marauder x4  
  95  17:52  SCV x2  
  88  18:02  Barracks Tech Lab  
  81  18:08  Marauder  
Show
View Real Time Build Order
Export as new Build Order

Musumeci Zerg - Winner!

Build Orders: Hatch First 

Get SALT Encoding   

  12  0:03  Drone  
  13  0:08  Drone  
  14  0:15  Drone, Extractor  
  15  0:42  Hatchery  
  14  0:46  Extractor  
  14  0:47  Drone  
  15  1:02  Spawning Pool  
  14  1:09  Drone, Extractor  
  14  1:13  Extractor  
  14  1:17  Drone  
  14  1:20  Overlord  
  16  1:39  Drone x2  
  18  1:44  Drone  
  19  1:48  Queen  
  21  1:54  Queen  
  21  1:57  Drone  
  21  2:00  Drone  
  25  2:07  Overlord  
  25  2:10  Drone  
  26  2:21  Drone x2  
  28  2:29  Queen  
  30  2:32  Queen  
  30  2:35  Drone  
  33  2:40  Overlord  
  33  2:43  Drone  
  34  2:45  Drone  
  34  2:47  Drone  
  36  3:10  Hatchery, Drone x4  
  39  3:17  Drone  
  39  3:18  Drone x3  
  43  3:22  Extractor  
  43  3:24  Extractor  
  41  3:27  Roach Warren  
  41  3:32  Drone  
  41  3:33  Drone x2  
  43  3:34  Drone  
  44  3:46  Evolution Chamber  
  44  3:48  Evolution Chamber  
  42  4:07  Roach  
  42  4:09  Overlord x4  
  44  4:24  Spore Crawler  
  43  4:25  Spore Crawler  
  43  4:27  Spore Crawler  
  43  4:29  Spore Crawler  
  40  4:31  Roach  
  40  4:32  Roach x6  
  54  4:40  Extractor  
  54  4:44  Drone  
  54  4:45  Drone x2  
  56  4:48  Drone x3  
  59  5:16  Lair  
  59  5:17  Drone x4  
  59  5:18  Drone x2  
  65  5:22  Roach  
  65  5:23  Roach x3  
  65  6:03  Ravager  
  62  6:11  Drone x14  
  71  6:20  Spore Crawler  
  71  6:29  Drone  
  71  6:31  Drone  
  71  6:32  Drone x3, Extractor  
  75  6:33  Zerg Ground Armor Level 1, Zerg Missile Weapons Level 1  
  75  6:34  Glial Reconstitution  
  75  6:53  Drone x3, Extractor  
  77  6:55  Drone x3  
  77  6:59  Roach  
  82  7:06  Extractor  
  81  7:23  Drone  
  81  7:26  Overlord x5  
  82  7:45  Drone x10  
  82  7:46  Roach  
  82  7:47  Roach x3  
  82  7:48  Ravager  
  82  7:49  Ravager x7  
  108  8:01  Roach  
  108  8:02  Roach x5  
  108  8:04  Roach  
  122  8:09  Overlord x3  
  122  8:10  Overlord  
  122  8:28  Roach x9  
  140  8:55  Overseer  
  140  8:59  Hatchery  
  139  9:03  Roach x3  
  139  9:04  Overlord  
  139  9:05  Overlord x5  
  139  9:09  Spore Crawler, Ravager  
  145  9:10  Ravager  
  146  9:46  Tunneling Claws  
  146  9:48  Infestation Pit  
  146  9:49  Burrow  
  145  9:55  Ravager x2  
  145  9:56  Ravager x6  
  145  9:57  Roach  
  145  9:58  Roach x9  
  145  9:59  Overlord x2  
  173  10:04  Drone x12  
  173  10:06  Extractor  
  184  10:08  Extractor  
  183  10:31  Roach x8  
  191  10:45  Spire  
  191  10:46  Hive  
  134  11:59  Roach  
  134  12:00  Roach x25  
  134  12:01  Roach x3  
  156  12:06  Roach x2  
  139  12:09  Queen  
  139  12:15  Roach x6  
  144  12:16  Spawning Pool  
  141  12:23  Ravager x6  
  141  12:25  Ravager x9  
  141  12:26  Ravager x5  
  141  12:28  Roach x3  
  140  12:40  Roach x4  
  133  13:01  Roach x6  
  142  13:17  Roach x5  
  152  13:20  Roach x2  
  152  13:21  Roach x3  
  152  13:22  Roach x2  
  152  13:26  Extractor  
  151  13:27  Hatchery  
  151  13:31  Roach x3, Extractor  
  155  13:47  Roach  
  155  13:48  Roach x5  
  133  14:12  Roach x3  
  133  14:13  Roach x2  
  133  14:17  Roach x9  
  142  14:36  Roach x3  
  142  14:37  Roach x2  
  138  14:49  Roach x6  
  138  14:50  Roach x5  
  138  14:51  Ravager x7  
  138  14:52  Ravager x8  
  175  14:56  Roach x3  
  175  15:00  Roach  
  175  15:04  Roach  
  175  15:06  Roach  
  175  15:16  Roach  
  171  15:37  Roach x10  
  191  15:56  Roach  
  191  15:57  Roach  
  189  16:01  Roach x2, Drone  
  189  16:02  Roach, Drone x2  
  192  16:06  Overlord x3  
  192  16:07  Roach x2  
  192  16:10  Roach x3  
  192  16:11  Roach  
  158  16:40  Roach x12  
  170  16:57  Roach x5  
  181  17:08  Ravager x3  
  181  17:09  Ravager x7  
  181  17:11  Roach x7  
  181  17:13  Roach x6  
  190  17:17  Roach x7  
  190  17:19  Roach  
  123  18:03  Roach x2  
  115  18:06  Roach  
  115  18:07  Roach x9  
Tags
 
Composition
MMM Bio
Matchup
TvZ
Replay Pack
replay pack
Spawn Locations
Cross Positions
Add a new tag
Caveats
  • Supply blocks, unpowered buildings, or Contaminate may cause inaccurate times.
  • Supply counts are checked every 10 seconds.